 Dungeon Crawl Stone Soup version 0.31.0-32-g396128a36d (webtiles) character file.

Game seed: 6564144479900267331

1061 Marvel the Cleaver (level 8, 0/70 HPs)
             Began as a Hill Orc Fighter on Mar 26, 2024.
             Was a Believer of Okawaru.
             Succumbed to a hornet's poison
             ... on level 9 of the Dungeon.
             The game lasted 00:05:23 (3804 turns).

Marvel the Cleaver (Hill Orc Fighter)               Turns: 3804, Time: 00:05:23

Health: 0/70       AC:  7    Str: 21    XL:     8   Next: 27%
Magic:  8/8        EV: 14    Int:  8    God:    Okawaru [**....]
Gold:   296        SH:  4    Dex: 10    Spells: 7/7 levels left

rFire   . . .        a - +0 war axe
rCold   + . .        c - +0 buckler
rNeg    . . .        b - +0 scale mail
rPois   .            (no helmet)
rElec   .            (no cloak)
rCorr   .            (no gloves)
SInv    .            (no boots)
Will    .....        (no amulet) Stlth
                     e - +5 ring of evasion
HPRegen 0.31/turn    s - ring of protection from cold
MPRegen 0.11/turn

%: no passive effects
@: lethally poisoned (0 -> -6), hasted and slowed
A: no striking features
a: Renounce Religion, Heroism


You were on level 9 of the Dungeon.
You worshipped Okawaru.
Okawaru was pleased with you.
You visited 2 branches of the dungeon, and saw 8 of its levels.

You collected 296 gold pieces.

Inventory:

Hand Weapons
 a - a +0 war axe (weapon)
Missiles
 o - an atropa-tipped dart (quivered)
 B - a throwing net
Armour
 b - a +0 scale mail (worn)
 c - a +0 buckler (worn)
Jewellery
 e - a +5 ring of evasion (left hand)
 q - a +6 ring of dexterity
 s - a ring of protection from cold (right hand)
 y - a +6 ring of dexterity
Wands
 p - a wand of acid (8)
Scrolls
 f - 3 scrolls of teleportation {unknown}
 g - a scroll of noise {unknown}
 i - 7 scrolls of identify {unknown}
 j - a scroll of fear {unknown}
 k - a scroll of enchant armour {unknown}
 n - 2 scrolls of amnesia {unknown}
 t - a scroll of fog {unknown}
 w - a scroll of brand weapon {unknown}
 A - a scroll of revelation {unknown}
 C - a scroll of silence {unknown}
 D - a scroll of immolation {unknown}
 E - a scroll of enchant weapon {unknown}
Potions
 d - 3 potions of might
 h - a potion of resistance {unknown}
 l - a potion of haste
 m - a potion of degeneration {unknown}
 r - 2 potions of brilliance {unknown}
 u - 2 potions of attraction {unknown}
 v - 3 potions of curing {unknown}
 x - 2 potions of magic {unknown}
 z - a potion of heal wounds {unknown}
 F - a potion of enlightenment {unknown}


   Skills:
 + Level 5.8 Fighting
 + Level 9.0 Axes
 + Level 0.1 Throwing
 + Level 6.0 Armour
 - Level 0.1 Dodging
 + Level 4.6 Shields
 + Level 0.2 Invocations


You had 7 spell levels left.
You didn't know any spells.
Your spell library contained the following spells:

 Spells                   Type           Power      Damage    Failure   Level
 Sandblast                Erth           0%         2d4       80%         1
 Slow                     Hex            0%         N/A       80%         1
 Confusing Touch          Hex            0%         N/A       99%         3
 Passwall                 Erth           0%         N/A       99%         3
 Sigil of Binding         Hex            0%         N/A       99%         3
 Stone Arrow              Conj/Erth      0%         3d7       99%         3
 Vampiric Draining        Necr           0%         2d6       99%         3
 Brom's Barrelling Bould  Conj/Erth      0%         2d3       100%        4


Dungeon Overview and Level Annotations

Branches:
Dungeon (9/15)             Temple (1/1) D:4
   Lair: D:8-11         Orc: D:9-12

Altars:
Ashenzari
Cheibriados
Dithmenos
Gozag
Hepliaklqana
Kikubaaqudgha
Makhleb
Nemelex Xobeh
Okawaru
Qazlal
Ru
Sif Muna
Trog
Uskayaw
Vehumet
Wu Jian
Xom
Yredelemnul
Zin
The Shining One

Shops:
D:6 *


Message History

The yak is heavily wounded.
The yak closely misses you.
You slash the yak!
The yak is almost dead.
The yak closely misses you.
You slash the yak!
You kill the yak!
Okawaru accepts your kill.
Your Axes skill increases to level 9!
Your Armour skill increases to level 6!
You start resting.
A hornet comes into view.
You see here a yak corpse.
An orc comes into view. It is wielding a +0 hand axe.
You see here an atropa-tipped dart.
o - an atropa-tipped dart The orc shouts!
A centaur comes into view.
The centaur shouts!
You hear a shout!
The centaur wields a +0 orcbow.
The centaur shoots an arrow.
You block the arrow.
The centaur moves out of view.
The centaur shoots an arrow.
The arrow hits you.
The centaur shoots an arrow.
The arrow barely misses you.
The hornet buzzes angrily.
The hornet closely misses you. The hornet stings you!
You suddenly lose the ability to move!
The centaur shoots an arrow.
The arrow hits you. The hornet stings you.
You feel yourself slow down.
The centaur throws a javelin.
The javelin pierces through you! The hornet stings you!
You feel as though you will be slow longer.
The hornet stings you!
* * * LOW HITPOINT WARNING * * *
You shrug off the repeated paralysis!
The hornet stings you!
* * * LOW HITPOINT WARNING * * *
You are lethally poisoned!
You feel as though you will be slow longer.
The centaur shoots an arrow.
The arrow hits you but does no damage.
You can move again.
It was a potion of haste.
You feel yourself speed up.
You die...

#......#..## ##.
#......##†.####....
#......##..........
####.####.).......<
#†# #...(..#...
#######.## #.o.(..#8
#........###.......#
#.........y..........
#......>##@#........##
####.##.##.....c..#...
#....####..........
#..... #....~~..
....... #........
###....##.##)~~~. #.
.# .... #.


You could see a hornet, a centaur and an orc.

Vanquished Creatures
  3 yaks (D:9)
  A water moccasin (D:5)
  An ice beast (D:5)
  A phantom (D:4)
  2 scorpions
  A jelly (D:5)
  A bombardier beetle (D:4)
  A hound (D:5)
  Jessica (D:2)
  Ijyb (D:3)
  An iguana (D:4)
  Robin (D:2)
  An adder (D:3)
  3 dart slugs
  A ribbon worm (D:5)
  An orc (D:5)
  3 ball pythons
  2 endoplasms
  3 giant cockroaches
  18 goblins
  7 hobgoblins
  2 quokkas (D:2)
  A bat (D:1)
  A frilled lizard (D:2)
  6 kobolds
  3 rats
67 creatures vanquished.

Notes
Turn   | Place    | Note
-------+----------+-------------------------------------------
     0 | D:1      | Marvel the Hill Orc Fighter began the quest for the Orb.
     0 | D:1      | Reached XP level 1. HP: 19/19 MP: 1/1
   205 | D:1      | Reached XP level 2. HP: 27/27 MP: 2/2
   517 | D:2      | Reached skill level 3 in Axes
   621 | D:2      | Reached XP level 3. HP: 30/33 MP: 3/3
   621 | D:2      | Noticed Robin
   634 | D:2      | Killed Robin
   635 | D:2      | Reached skill level 4 in Axes
   833 | D:2      | Noticed Jessica
   836 | D:2      | Killed Jessica
   837 | D:2      | Reached XP level 4. HP: 41/41 MP: 4/4
  1532 | D:3      | Noticed Ijyb
  1547 | D:3      | Killed Ijyb
  1548 | D:3      | Reached skill level 5 in Axes
  1548 | D:3      | Reached XP level 5. HP: 32/47 MP: 5/5
  2182 | D:4      | Found a staircase to the Ecumenical Temple.
  2203 | Temple   | Entered the Ecumenical Temple
  2213 | Temple   | Became a worshipper of Warmaster Okawaru
  2429 | D:4      | Noticed a phantom
  2443 | D:4      | Killed a phantom
  2444 | D:4      | Reached skill level 6 in Axes
  2444 | D:4      | Reached XP level 6. HP: 49/53 MP: 6/6
  2909 | D:5      | Entered Level 5 of the Dungeon
  2925 | D:5      | Noticed an ice beast
  2942 | D:5      | Killed an ice beast
  2942 | D:5      | Reached * piety under Okawaru
  3120 | D:5      | Reached skill level 5 in Fighting
  3120 | D:5      | Reached XP level 7. HP: 61/61 MP: 7/7
  3259 | D:5      | Reached skill level 7 in Axes
  3259 | D:5      | Reached skill level 5 in Armour
  3510 | D:6      | Found Taskoag's Overcharged Wands.
  3588 | D:6      | You fall into a shaft and drop 3 floors!
  3598 | D:9      | Noticed a yak
  3599 | D:9      | Noticed a yak
  3599 | D:9      | Noticed a yak
  3617 | D:9      | Killed a yak
  3618 | D:9      | Reached skill level 8 in Axes
  3626 | D:9      | Killed a yak
  3627 | D:9      | Reached XP level 8. HP: 28/69 MP: 8/8
  3765 | D:9      | Noticed a troll
  3770 | D:9      | Killed a yak
  3770 | D:9      | Reached ** piety under Okawaru
  3771 | D:9      | Reached skill level 9 in Axes
  3791 | D:9      | Noticed a hornet
  3801 | D:9      | Paralysed by a hornet for 3 turns
  3803 | D:9      | HP: 3/70 [hornet (11)]
  3804 | D:9      | Succumbed to a hornet's poison

Illustrated notes

Levels and vault maps discovered:
D:1:      onia_arrival_pentagram, layout_rooms
D:2:      layout_basic, uniq_jessica, uniq_robin
D:3:      layout_basic, uniq_ijyb
D:4:      layout_cave_pools, minmay_temple_entry_trees, serial_column_ruins,
          column_ruins_hut, column_ruins_square_medium, column_ruins_grid_3,
          column_ruins_grid_2, column_ruins_corridor_straight
D:5:      layout_rooms
D:6:      layout_cave_pools, elyvilon_altar_1, minmay_misc_feat_cross,
          nicolae_shop_overcharged_wands, uniq_blork_the_orc
D:9:      layout_rooms, grunt_lair_entry_orc_guard_hut, serial_shops,
          nicolae_stop_n_shop_1, ebering_ghost_gozag, serial_rivers,
          chequers_serial_rivers_micro_c, chequers_serial_rivers_room_a,
          chequers_serial_rivers_micro_d, chequers_serial_rivers_small_a,
          ebering_dispersal_statue_hall, uniq_pikel
Temple:   nicolae_temple_slightly_damp_pantheon

Skill      XL: |  1  2  3  4  5  6  7  8 |
---------------+-------------------------+-----
Axes           | 3 4 5 6 8 9 |  9.0
Fighting       | 4 5 |  5.8
Armour         | 4 5 6 |  6.0
Shields        | 4 |  4.6
Throwing       | |  0.1
Dodging        | |  0.1
Invocations    | |  0.2

Action                     |  1- 3 |  4- 6 |  7- 9 || total
---------------------------+-------+-------+-------++-------
  Melee: War axe           |    63 |   116 |    53 ||   232
  Throw: Dart              |       |       |     3 ||     3
 Invoke: Heroism           |       |       |     1 ||     1
    Use: Potion            |       |       |     1 ||     1
 Armour: Scale mail        |    25 |    47 |    31 ||   103
  Dodge: Dodged            |    46 |    65 |    31 ||   142
  Block: Buckler           |    19 |    25 |    10 ||    54
